 Dungeon Crawl Stone Soup version 0.26-a0-389-g5bc9781 (webtiles) character file.

Game seed: 12290912078379940420

5135 smeego the Covert (level 10, -1/68 HPs)
             Began as an Octopode Brigand on July 21, 2020.
             Was a High Priest of Dithmenos.
             Slain by Harold
             ... wielding a +5 long sword of flaming
              (2 damage)
             ... on level 9 of the Dungeon.
             The game lasted 00:15:26 (8921 turns).

smeego the Covert (Octopode Brigand)                Turns: 8921, Time: 00:15:26

Health: -1/68      AC:  1    Str: 10    XL:     10   Next: 58%
Magic:  13/13      EV: 17    Int: 19    God:    Dithmenos [*****.]
Gold:   398        SH:  5    Dex: 18    Spells: 9/9 levels left

rFire    . . .     SeeInvis .   a - +12 glaive of Prune {vorpal}
rCold    . . .     Faith    .   (shield currently unavailable)
rNeg     . . .     Spirit   .   (helmet restricted)
rPois    .         Reflect  +   i - amulet of reflection
rElec    .         Harm     .   n - ring of flight
rCorr    .                      t - ring of stealth
MR       .....                  x - +6 ring of intelligence
Stlth    +++++++++.             (no ring)
HPRegen  0.21/turn              (no ring)
MPRegen  0.13/turn              (no ring)
                                (no ring)
                                (no ring)

@: marked, wreathed by umbra
A: almost no armour, stealthy swim, amphibious, 8 rings, constrict 8, camouflage
1, gelatinous body 1
a: Shadow Step, Shadow Form, Renounce Religion, Evoke Flight


You were on level 9 of the Dungeon.
You worshipped Dithmenos.
Dithmenos was extremely pleased with you.
You visited 2 branches of the dungeon, and saw 10 of its levels.
You also visited: Sewer.

You collected 398 gold pieces.

Inventory:

Hand Weapons
 a - the +12 glaive of Prune (weapon) {vorpal}
   (You found it on level 8 of the Dungeon)

   It inflicts extra damage upon your enemies.
 l - a +0 hunting sling
 B - a +3 dagger of speed
 C - a +2 scimitar
 D - a cursed +2 falchion of freezing
Missiles
 b - 19 poisoned darts (quivered)
 c - 2 curare-tipped darts
 k - 105 sling bullets
 y - 6 atropa-tipped darts
Armour
 F - a +2 tower shield
Jewellery
 i - an amulet of reflection (around mantle)
 n - a ring of flight (left tentacle)
 t - a ring of stealth (right tentacle)
 x - a +6 ring of intelligence (on tentacle)
Wands
 h - a wand of acid (5)
 z - a wand of clouds (3)
 A - a wand of enslavement (6)
Scrolls
 f - 3 scrolls of amnesia
 g - 3 scrolls of blinking
 m - 3 scrolls of enchant armour
 q - 3 scrolls of remove curse
 s - 5 scrolls of teleportation
 E - a scroll of fear {unknown}
Potions
 d - 2 potions of lignification {unknown}
 e - 3 potions of curing
 j - a potion of invisibility {unknown}
 o - 2 potions of cancellation {unknown}
 p - 2 potions of berserk rage {unknown}
 r - 3 potions of heal wounds
 u - a potion of might {unknown}
 v - a potion of brilliance {unknown}
 w - a potion of stabbing {unknown}
 G - a potion of resistance {unknown}


   Skills:
 + Level 6.1 Fighting
 - Level 5.7 Short Blades
 + Level 5.2(5.4) Slings
 - Level 2.0(3.9) Throwing
 + Level 5.8 Dodging
 + Level 9.6 Stealth
 + Level 5.5 Unarmed Combat
 + Level 4.9 Invocations
 + Level 4.9 Evocations


You had 9 spell levels left.
You didn't know any spells.
Your spell library contained the following spells:

 Spells                   Type           Power        Failure   Level
 Corona                   Hex            #......      21%         1
 Foxfire                  Conj/Fire      #...         21%         1
 Summon Small Mammal      Summ           #...         21%         1
 Call Imp                 Summ           #.......     30%         2
 Ensorcelled Hibernation  Hex/Ice        #.....       30%         2
 Call Canine Familiar     Summ           #.......     52%         3
 Confusing Touch          Hex            #.......     52%         3
 Conjure Flame            Conj/Fire      #.......     52%         3
 Dazzling Flash           Conj/Hex       #.....       52%         3
 Inner Flame              Hex/Fire       #.......     52%         3
 Summon Guardian Golem    Hex/Summ       #.......     52%         3
 Tukima's Dance           Hex            #.......     52%         3
 Sticky Flame             Conj/Fire      #.......     90%         4
 Summon Ice Beast         Ice/Summ       #.......     90%         4
 Summon Lightning Spire   Summ/Air       #.......     90%         4
 Fireball                 Conj/Fire      #.........   99%         5


Dungeon Overview and Level Annotations

Branches:
Dungeon (9/15)             Temple (1/1) D:4            Lair (0/6) D:8
  Sewer (visited)
    Orc: D:9-12

Altars:
Dithmenos
Elyvilon
Gozag
Hepliaklqana
Makhleb
Nemelex Xobeh
Okawaru
Qazlal
Ru
Trog
Uskayaw
Wu Jian
Xom
The Shining One

Annotations:
D:3 1 runed translucent door, Crazy Yiuf
D:9 Harold


Innate Abilities, Weirdness & Mutations

You cannot wear most types of armour.
You are very stealthy in the water. (Stealth+)
You are amphibious.
You can wear up to eight rings at the same time.
You can use your tentacles to constrict eight enemies at once.
Your skin changes colour to match your surroundings (Stealth+).
Your rubbery body absorbs attacks. (AC +1, EV +1)


Message History

Harold is heavily wounded.
You constrict Harold. The hound completely misses you.
Harold barely misses you. The hound misses you.
Harold hits you with a +5 long sword of flaming!!
Harold burns you.
* * * LOW HITPOINT WARNING * * *
Evoke which item? (* to show all) (? for menu, Esc to quit)
Aiming: Corrosive Bolt
Press: ? - help, Shift-Dir - straight line, f - Harold
Aim: Harold, wielding a +5 long sword of flaming and wearing a +0 scale mail (severely wounded, constricted by you, extremely poisoned, umbra)
The bolt of acid hits Harold.
Harold is splashed with acid.
The acid corrodes Harold!
Harold is almost dead.
You constrict Harold. The hound bites you.
* * * LOW HITPOINT WARNING * * *
The hound misses you.
Harold hits you with a +5 long sword of flaming!
* * * LOW HITPOINT WARNING * * *
Harold burns you.
You die...

####+####
#.......###############
#.............#........
#...§§§§☼.....#........
#$...§§§.... #........
#....§§§.) #........
#.....☼.#######........
#.....@h#.....#....#...
#.....@.#.....#....#...
#.......#.....#....#...
#.......'.....#....#...
#.......#.....#....#...
#.......#######....#...
#.......#..........#...
#.......#..........#...
#..................#...
#.............#....#...


You could see Harold (very poisoned, corroded) and a hound (poisoned).

Vanquished Creatures
  Maggie (D:6)
  Grinder (D:3)
  Sigmund (D:3)
  5 yaks (D:9)
  A sky beast (D:8)
  4 orc warriors
  A black bear (D:8)
  2 phantoms
  An eye of draining (D:7)
  2 centaurs (D:5)
  5 ogres
  5 bullfrogs
  A gnoll sergeant (D:9)
  4 scorpions
  A wyvern skeleton (D:8)
  A howler monkey (D:6)
  13 wights
  2 bullfrog zombies
  2 orc wizards
  4 hounds
  7 orc priests
  A bullfrog skeleton (D:5)
  Jessica (D:3)
  3 iguanas
  9 worker ants
  2 worker ant zombies
  13 adders
  4 gnolls
  A river rat (D:5)
  A shadow imp (D:6)
  5 white imps
  2 ufetubi
  2 adder zombies (D:9)
  9 oozes
  10 worms
  14 leopard geckos
  28 orcs
  13 ball pythons
  19 giant cockroaches
  7 goblins
  7 hobgoblins
  4 jackals
  8 kobolds
  4 quokkas
  9 bats
  15 frilled lizards
  A leopard gecko skeleton (D:7)
  A leopard gecko zombie (D:5)
  A quokka zombie (D:9)
  13 rats
271 creatures vanquished.

Notes
Turn   | Place    | Note
-------+----------+-------------------------------------------
     0 | D:1      | smeego the Octopode Brigand began the quest for the Orb.
     0 | D:1      | Reached XP level 1. HP: 14/14 MP: 1/1
   134 | D:1      | Reached XP level 2. HP: 19/19 MP: 2/2
   536 | D:1      | Reached XP level 3. HP: 24/24 MP: 3/3
   940 | D:1      | Reached skill level 1 in Unarmed Combat
  1135 | D:2      | Reached XP level 4. HP: 24/30 MP: 4/4
  1628 | D:2      | Reached skill level 6 in Stealth
  1781 | D:2      | Found an ornate altar of the Wu Jian Council.
  1787 | D:2      | Found a white marble altar of Elyvilon.
  1893 | D:2      | Found a bloodstained altar of Trog.
  2095 | D:2      | Reached XP level 5. HP: 21/35 MP: 5/5
  2467 | D:3      | Noticed Sigmund
  2654 | D:3      | Killed Sigmund
  2654 | D:3      | Reached skill level 1 in Slings
  2654 | D:3      | Reached XP level 6. HP: 38/42 MP: 6/6
  3083 | D:3      | Noticed Jessica
  3084 | D:3      | Noticed Grinder
  3090 | D:3      | Killed Grinder
  3090 | D:3      | Reached skill level 7 in Stealth
  3090 | D:3      | Reached XP level 7. HP: 46/46 MP: 7/7
  3092 | D:3      | Killed Jessica
  3186 | D:3      | Found a runed translucent door.
  3187 | D:3      | Noticed Crazy Yiuf
  3576 | D:5      | Entered Level 5 of the Dungeon
  3677 | D:4      | Found a stormy altar of Qazlal.
  3701 | D:4      | Found a staircase to the Ecumenical Temple.
  3711 | Temple   | Entered the Ecumenical Temple
  3734 | Temple   | Became a worshipper of Dithmenos the Shadowed
  3956 | D:5      | Reached XP level 8. HP: 24/54 MP: 8/8
  4007 | D:5      | Reached skill level 1 in Invocations
  4064 | D:5      | Reached skill level 1 in Evocations
  4125 | D:5      | Found a glowing drain.
  4133 | Sewer    | Entered a sewer
  4136 | Sewer    | Reached * piety under Dithmenos
  4564 | Sewer    | Reached ** piety under Dithmenos
  5619 | D:6      | Reached skill level 8 in Stealth
  5691 | D:6      | Reached XP level 9. HP: 59/59 MP: 10/10
  5719 | D:6      | Noticed Maggie
  5734 | D:6      | Killed Maggie
  5734 | D:6      | Reached *** piety under Dithmenos
  5734 | D:6      | Reached skill level 5 in Short Blades
  6287 | D:7      | Reached skill level 5 in Fighting
  6835 | D:7      | Reached skill level 5 in Dodging
  7175 | D:8      | Reached **** piety under Dithmenos
  7175 | D:8      | Reached skill level 9 in Stealth
  7353 | D:8      | Found a staircase to the Lair.
  7399 | D:8      | Found the +12 glaive of Prune {vorpal}
  7415 | D:8      | Reached XP level 10. HP: 66/66 MP: 13/13
  7418 | D:8      | Reached skill level 5 in Unarmed Combat
  8175 | D:9      | Reached skill level 5 in Slings
  8542 | D:9      | Reached ***** piety under Dithmenos
  8908 | D:9      | Noticed Harold
  8921 | D:9      | HP: 1/68 [Harold/+5 long sword of flaming (12)]
  8921 | D:9      | Slain by Harold

Illustrated notes

Levels and vault maps discovered:
D:1:      minmay_arrival_semitransparent, layout_basic
D:2:      layout_basic, chequers_temple_overflow_statue_of_worship,
          trog_butcher_becter
D:3:      layout_basic, uniq_jessica, uniq_grinder, uniq_sigmund,
          uniq_crazy_yiuf_cottage
D:4:      layout_layer_cave, grunt_qazlal_clouds, vehumet_statue,
          minmay_temple_entry_mist, serial_rivers,
          chequers_serial_rivers_room_b, chequers_serial_rivers_micro_d,
          chequers_serial_rivers_micro_b, chequers_serial_rivers_micro_b,
          chequers_serial_rivers_micro_a
D:5:      minmay_recursive_quarters, layout_rooms, portal_sewer_entry_e
D:6:      layout_loops_ring, uniq_maggie
D:7:      layout_gridville
D:8:      cheibrodos_quashed, layout_cave_pools, dpeg_oklobed_lair
D:9:      layout_grid_maze, uniq_harold
Temple:   regret_index_temple_mists

Skill      XL: |  1  2  3  4  5  6  7  8  9 10 |
---------------+-------------------------------+-----
Unarmed Combat | 1 2 3 4 5 |  5.5
Dodging        | 2 3 4 5 |  5.8
Stealth        | 6 7 8 9 |  9.6
Short Blades   | 3 4 5 |  5.7
Fighting       | 3 4 5 6 |  6.1
Slings         | 1 2 3 4 5 |  5.2
Invocations    | 2 4 |  4.9
Evocations     | 2 4 |  4.9
Throwing       | |  2.0

Action                   |  1- 3 |  4- 6 |  7- 9 | 10-12 || total
-------------------------+-------+-------+-------+-------++-------
Melee: Dagger            |    42 |    91 |   344 |       ||   477
       Constrict         |    12 |    25 |    54 |    15 ||   106
       Tentacles         |     5 |    17 |    70 |    11 ||   103
       Punch             |       |     2 |     9 |     3 ||    14
       Glaive            |       |       |     2 |    85 ||    87
 Fire: Hunting sling     |       |    35 |       |       ||    35
Evoke: Wand              |       |       |     3 |     4 ||     7
  Use: Scroll            |     4 |     7 |     5 |       ||    16
 Stab: Sleeping          |    14 |     8 |    66 |    10 ||    98
       Distracted        |       |     1 |     1 |     1 ||     3
Armor: Skin              |       |     2 |    10 |     1 ||    13
Dodge: Dodged            |    13 |    32 |   138 |    73 ||   256
Block: Other             |       |    14 |    50 |    18 ||    82
       Reflection        |       |     2 |     2 |       ||     4

Table legend: (Time is in decaauts)
 A = Elapsed time spent in this place.
 B = Non-inter-level travel time spent in this place.
 C = Inter-level travel time spent in this place.
 D = Time resting spent in this place.
 E = Time spent auto-exploring this place.
 F = Levels seen in this place.
 G = Mean time per level.
                   A        B        C        D        E       F      G
               +--------+--------+--------+--------+--------+-----+--------+
         Total |   8870 |   8623 |    247 |    490 |   6146 |  11 |  806.4 |
       Dungeon |   8225 |   7978 |    247 |    241 |   5978 |   9 |  913.9 |
        Temple |     40 |     40 |      0 |      0 |      0 |   1 |   40.0 |
         Sewer |    604 |    604 |      0 |    249 |    168 |   1 |  604.0 |
               +--------+--------+--------+--------+--------+-----+--------+
Top levels by time: D:2: 1366 daAuts D:3: 1087 daAuts D:1: 1049 daAuts D:7: 1012 daAuts D:8: 989 daAuts D:9: 908 daAuts D:5: 905 daAuts D:6: 715 daAuts Sewer: 604 daAuts D:4: 190 daAuts Temple: 40 daAuts
